 Dungeon Crawl Stone Soup version 0.26-a0-540-g8a0c9464d7 (webtiles) character file.

Game seed: 11528991511487260649

164062 Lavandula the Thaumaturge (level 18, -2/138 HPs)
             Began as a Human Enchanter on Aug 20, 2020.
             Was the Champion of Vehumet.
             Shot with a bolt by a vault warden (4 damage)
             ... on level 1 of the Vaults on Aug 22, 2020.
             The game lasted 03:19:59 (26767 turns).

Lavandula the Thaumaturge (Human Enchanter)        Turns: 26767, Time: 03:20:00

Health: -2/138     AC: 14    Str: 15    XL:     18   Next: 17%
Magic:  0/25       EV: 18    Int: 21    God:    Vehumet [******]
Gold:   464        SH:  5    Dex: 13    Spells: 1/41 levels left

rFire    . . .     SeeInvis .   u - +6 dagger (distort)
rCold    . . .     Faith    .   U - +0 buckler
rNeg     + + +     Spirit   +   b - +0 robe
rPois    .         Reflect  .   y - +2 helmet
rElec    +         Harm     .   p - +2 cloak
rCorr    .                      f - +2 pair of gloves
MR       +....                  d - +2 pair of boots {run}
Stlth    ++++......             v - amulet of guardian spirit
HPRegen  0.33/turn              t - ring of wizardry
MPRegen  0.19/turn              W - ring "Mistixel" {rElec rN+++ MP-9 Str+6 Int-3}

@: marked, stab, slightly contaminated, studying Transmutations, invisible,
quick
A: no striking features
}: 1/15 runes: barnacled
a: Renounce Religion


You were on level 1 of the Vaults.
You worshipped Vehumet.
Vehumet was exalted by your worship.
You visited 6 branches of the dungeon, and saw 27 of its levels.
You also visited: Bailey and Ice Cave.

You collected 2365 gold pieces.
You spent 1901 gold pieces at shops.

Inventory:

Hand Weapons
 n - a +0 scimitar of flaming
 u - a +6 dagger of distortion (weapon)
 J - a +5 quick blade
Missiles
 i - 86 javelins
 A - 15 throwing nets
 N - 21 curare-tipped darts (quivered)
Armour
 b - a +0 robe (worn)
 d - a +2 pair of boots of running (worn)
 f - a +2 pair of gloves (worn)
 p - a +2 cloak (worn)
 y - a +2 helmet (worn)
 U - a +0 buckler (worn)
Magical Staves
 w - an uncursed staff of wizardry
Jewellery
 t - a ring of wizardry (left hand)
 v - an amulet of guardian spirit (around neck)
 B - a +6 ring of dexterity
 W - the ring "Mistixel" (right hand) {rElec rN+++ MP-9 Str+6 Int-3}
   (You found it on level 6 of the Lair of Beasts)

   [ring of strength]

   It affects your strength (+6).
   It affects your intelligence (-3).
   It insulates you from electricity.
   It renders you almost immune to negative energy.
   It affects your magic capacity (-9).
 Z - an uncursed ring of fire
Wands
 a - a wand of digging (1)
 m - a wand of polymorph (19)
 r - a wand of acid (7)
 C - a wand of paralysis (13)
 D - a wand of iceblast (25)
 F - a wand of enslavement (7)
 K - a wand of flame (3)
Scrolls
 c - 2 scrolls of immolation
 g - 3 scrolls of amnesia
 h - 11 scrolls of teleportation
 k - 4 scrolls of magic mapping
 l - a scroll of vulnerability
 q - 12 scrolls of remove curse
 P - a scroll of silence
 T - 2 scrolls of torment
 Y - 2 scrolls of enchant armour
Potions
 j - 3 potions of cancellation
 o - a potion of stabbing
 x - 3 potions of haste
 E - 4 potions of brilliance {unknown}
 H - 2 potions of mutation
 I - a potion of curing
 L - a potion of lignification
 R - 2 potions of might {unknown}
 S - a potion of magic {unknown}
 X - 2 potions of resistance {unknown}
Books
 z - a manual of Transmutations
Miscellaneous
 M - a lightning rod (3/4)
 Q - a box of beasts (3/3)
 V - a tin of tremorstones (2/3)


   Skills:
 - Level 11.6 Fighting
 - Level 10.0 Short Blades
 - Level 10.0 Dodging
 - Level 10.0 Stealth
 - Level 4.0 Shields
 - Level 12.4 Spellcasting
 - Level 2.2 Conjurations
 - Level 9.1 Hexes
 - Level 6.0 Summonings
 - Level 3.1 Translocations
 - Level 12.0 Transmutations
 + Level 5.4 Ice Magic
 - Level 9.7 Air Magic
 - Level 6.4 Evocations


You had one spell level left.
You knew the following spells:

 Your Spells              Type           Power        Failure   Level
a - Corona                Hex            ######.      1%          1
b - Ensorcelled Hibernat  Hex/Ice        #####.       1%          2
c - Freezing Cloud        Conj/Ice/Air   #####.....   8%          6
d - Dazzling Flash        Conj/Hex       #####.       1%          3
e - Airstrike             Air            ######....   1%          4
f - Irradiate             Conj/Tmut      #####.....   1%          5
g - Apportation           Tloc           ####..       1%          1
h - Iron Shot             Conj/Erth      ###.......   41%         6
i - Blink                 Tloc           N/A          1%          2
j - Summon Lightning Spi  Summ/Air       #####...     1%          4
k - Invisibility          Hex            ######..     8%          6

Your spell library contained the following spells:

 Spells                   Type           Power        Failure   Level
 Beastly Appendage        Tmut           ######       1%          1
 Magic Dart               Conj           ###.         1%          1
 Shock                    Conj/Air       ####         1%          1
 Sting                    Tmut/Pois      ####         1%          1
 Summon Small Mammal      Summ           ####         1%          1
 Call Imp                 Summ           #####...     1%          2
 Poisonous Vapours        Pois/Air       ####..       1%          2
 Slow                     Hex            ######..     1%          2
 Swiftness                Air            ######..     1%          2
 Wereblood                Tmut           ######..     1%          2
 Call Canine Familiar     Summ           #####...     1%          3
 Confusing Touch          Hex            ######..     1%          3
 Conjure Flame            Conj/Fire      ###.....     1%          3
 Gell's Gravitas          Tloc           ####......   1%          3
 Ignite Poison            Fire/Tmut/Pois ####....     1%          3
 Lesser Beckoning         Tloc           ####......   1%          3
 Mephitic Cloud           Conj/Pois/Air  ####....     1%          3
 Spider Form              Tmut/Pois      #####.....   1%          3
 Static Discharge         Conj/Air       #####...     1%          3
 Summon Guardian Golem    Hex/Summ       #####...     1%          3
 Tukima's Dance           Hex            ######..     1%          3
 Ice Form                 Ice/Tmut       #####...     1%          4
 Petrify                  Tmut/Erth      #####...     1%          4
 Summon Ice Beast         Ice/Summ       #####...     1%          4
 Blade Hands              Tmut           ######....   1%          5
 Lightning Bolt           Conj/Air       #####.....   1%          5
 Silence                  Hex/Air        ######....   1%          5
 Yara's Violent Unravell  Hex/Tmut       ######....   1%          5
 Metabolic Englaciation   Hex/Ice        #####.....   2%          5
 Alistair's Intoxication  Tmut/Pois      #####....    4%          5
 Olgreb's Toxic Radiance  Pois           ##......     6%          4
 Conjure Ball Lightning   Conj/Air       #####.....   8%          6
 Animate Dead             Necr           ##........   21%         4
 Borgnjor's Vile Clutch   Necr/Erth      ##........   45%         5
 Simulacrum               Ice/Necr       ###.......   65%         6
 Death Channel            Necr           ##........   95%         6
 Tornado                  Air            ######....   99%         9


Dungeon Overview and Level Annotations

Branches:
Dungeon (13/15)            Temple (1/1) D:5            Lair (6/6) D:11
 Shoals (4/4) Lair:2       Spider (0/4) Lair:4          Orc (2/2) D:12
    Elf (0/3) Orc:2        Vaults (1/5) D:13         Bailey (visited)
  IceCv (visited)
  Slime: Lair:5-6

Altars:
Cheibriados
Dithmenos
Elyvilon
Fedhas
Gozag
Hepliaklqana
Kikubaaqudgha
Makhleb
Nemelex Xobeh
Okawaru
Qazlal
Ru
Sif Muna
Trog
Uskayaw
Vehumet
Wu Jian
Xom
Yredelemnul
Zin
The Shining One
Beogh

Shops:
Orc:2 :[(?

Annotations:
D:2 Sigmund
D:6 Grinder
Lair:3 exclusion: oklob plant
Abyss:1 Roxanne, Rupert


Message History

Vehumet says: Let it end in hellfire!
Press ? for a list of commands and other information.
Welcome back, Lavandula the Human Enchanter.
Vehumet says: Let it end in hellfire!
Press ? for a list of commands and other information.
Okay, then.
Okay, then.
Okay, then.
Evoke which item? (* to show all) (? for menu, Esc to quit)
Okay, then.
Okay, then.
As you read the scroll of fear, it crumbles to dust.
You assume a fearsome visage.
The vault warden easily resists.
The ice dragon looks frightened!
The yaktaur captain looks frightened!
The wind drake looks frightened!
The yaktaur captain easily resists.
The wind drake is engulfed in freezing vapours.
The yaktaur captain shoots a bolt.
The bolt barely misses you.
The vault warden is engulfed in freezing vapours.
The vault warden shoots a bolt.
The bolt hits you.
You die...

#################################
...........§☼kp○@[!○○°§c.........
..........○.○☼c################..
...........○○D.# #..
..)########....# #..
...#......#....# #..
...#......#....# #..
...#......#....# #..
...#......#c.c.# +..
...#......#....# #..


You could see an ice dragon (fleeing), a vault warden, 2 yaktaur captains and a
wind drake (fleeing).

Vanquished Creatures
  A sphinx (Vaults:1)
  Aizul (Shoals:3)
  6 merfolk javelineers
  5 merfolk impalers
  2 ogre magi (Orc:2)
  2 hydras
  A centaur warrior (Vaults:1)
  Erica (D:8)
  A merfolk avatar (Shoals:3)
  5 two-headed ogres (Orc:2)
  7 merfolk aquamancers
  3 death yaks
  A satyr (Shoals:4)
  A tengu warrior (D:11)
  Sonja (Lair:4)
  3 skeletal warriors
  5 sea snakes
  18 harpies
  An ironbrand convoker (Vaults:1)
  An orc knight (Vaults:1)
  A lindwurm (Lair:2)
  2 deep elf archers (Vaults:1)
  A necromancer (Lair:4)
  2 cyclopes
  3 deep elf magi
  3 ugly things
  An elephant (Lair:2)
  10 fauns
  9 manticores
  5 merfolk sirens
  A vault sentinel (Vaults:1)
  3 black mambas
  2 gargoyles
  5 water nymphs
  4 cane toads
  2 ice statues (IceCv)
  4 rime drakes
  6 yaktaurs (Vaults:1)
  An efreet (D:13)
  2 freezing wraiths
  4 komodo dragons
  A tengu conjurer (D:11)
  8 wind drakes
  19 merfolk
  7 trolls
  2 polar bears (Lair:6)
  7 blink frogs
  3 nameless horrors
  9 hippogriffs
  A dream sheep (Lair:5)
  7 snapping turtles
  2 wyverns
  26 yaks
  2 wraiths
  2 hogs (Shoals:2)
  6 water elementals
  2 fire bats (Lair:4)
  A basilisk (Lair:1)
  2 wargs (D:11)
  8 water moccasins
  5 porcupines
  5 ice beasts
  A black bear (Lair:5)
  An elephant zombie (Lair:4)
  12 orc warriors
  A hornet zombie (D:13)
  A phantom (D:8)
  A sky beast (D:10)
  An eye of draining (D:13)
  15 ogres
  18 wolves
  10 centaurs
  9 crocodiles
  2 big kobolds
  9 bullfrogs
  7 scorpions
  A wyvern skeleton (D:10)
  5 killer bees (D:12)
  6 wights
  7 electric eels
  5 howler monkeys
  A bullfrog zombie (D:8)
  A centaur zombie (D:7)
  3 hounds
  A quasit (D:10)
  2 centaur skeletons
  3 jellies
  2 basilisk zombies (Lair:4)
  11 orc priests
  A gnoll shaman (D:8)
  13 orc wizards
  Jessica (D:3)
  3 iguanas
  3 hell rats (Lair:4)
  9 worker ants
  A hound zombie (D:11)
  7 gnolls
  13 adders
  3 shadow imps
  3 white imps
  4 ufetubi
  2 adder zombies
  2 adder skeletons (D:6)
  A worm (D:6)
  A dart slug (D:3)
  3 leopard geckos
  46 orcs
  6 giant cockroaches
  8 goblins
  A hobgoblin (D:3)
  5 jackals
  3 quokkas
  2 ball pythons
  8 bats
  2 frilled lizards
  19 kobolds
  A leopard gecko zombie (D:5)
  2 quokka skeletons
  7 rats
  A butterfly (D:8)
  A plant (Shoals:3)
580 creatures vanquished.

Vanquished Creatures (collateral kills)
  Kirke (Shoals:2)
  A merfolk avatar (Shoals:2)
  A hydra (Lair:4)
  3 two-headed ogres (Orc:2)
  2 death yaks
  2 skeletal warriors
  2 sea snakes
  A deep troll (Orc:2)
  A harpy (Shoals:1)
  3 cyclopes
  3 elephants
  A manticore (Lair:6)
  A cane toad (Lair:5)
  2 trolls (Orc:2)
  2 polar bears (Lair:6)
  A merfolk (Shoals:2)
  5 blink frogs
  5 dream sheep
  2 redbacks (Lair:4)
  3 hogs (Shoals:2)
  5 yaks
  3 orc warriors (Bailey)
  4 ice beasts (IceCv)
  7 ogres
  3 wolves
  A centaur (Bailey)
  A crocodile (Lair:6)
  A jelly (D:12)
  A howler monkey (Bailey)
  An orc wizard (D:8)
  A hell rat (Lair:4)
  10 orcs (Bailey)
  A plant (Lair:6)
81 creatures vanquished.

Vanquished Creatures (others)
  An ironheart preserver (D:13)
  2 merfolk javelineers
  7 merfolk impalers
  A yaktaur captain (Vaults:1)
  A merfolk avatar (Lair:6)
  4 merfolk aquamancers
  3 death yaks
  A skeletal warrior (D:11)
  3 sea snakes
  A deep troll (Orc:2)
  3 harpies
  An elephant (Lair:6)
  2 black mambas
  3 water nymphs (Shoals:4)
  A centaur skeleton (D:12)
  A rime drake (Lair:6)
  2 komodo dragons (Lair:6)
  3 yaktaurs (Vaults:1)
  A troll (Orc:2)
  2 merfolk (Shoals:4)
  3 hippogriffs
  A human simulacrum (Vaults:1)
  A snapping turtle (Shoals:3)
  A dream sheep (Lair:6)
  3 wyverns (Lair:6)
  A wraith (D:13)
  11 yaks
  A hog (Shoals:2)
  5 water elementals
  2 wargs
  17 dancing weapons
  2 water moccasins (Lair:6)
  2 porcupines
  4 orc warriors
  An ice beast (D:10)
  A sky beast (D:12)
  An eye of draining (D:11)
  4 wolves
  An ogre (Orc:2)
  4 crocodiles
  A centaur (Bailey)
  A bullfrog (Lair:3)
  2 wyvern zombies
  A wight (D:13)
  A jelly (D:12)
  A bullfrog zombie (D:9)
  A quasit (D:9)
  A hound (D:9)
  3 orc priests
  An orc wizard (D:12)
  A gnoll (D:9)
  15 ball lightnings (Shoals:4)
  4 orcs
  A jackal (D:8)
  A kobold (D:10)
  A bush (Lair:6)
  17 fungi
  23 plants
185 creatures vanquished.

Grand Total: 846 creatures vanquished

Notes
Turn   | Place    | Note
-------+----------+-------------------------------------------
     0 | D:1      | Lavandula the Human Enchanter began the quest for the Orb.
     0 | D:1      | Reached XP level 1. HP: 13/13 MP: 3/3
   258 | D:1      | Reached XP level 2. HP: 16/19 MP: 5/5
   952 | D:2      | Reached XP level 3. HP: 18/24 MP: 6/6
   956 | D:2      | Learned a level 2 spell: Ensorcelled Hibernation
  1093 | D:2      | Noticed Sigmund
  1174 | D:3      | Learned a level 3 spell: Tukima's Dance
  1183 | D:3      | Reached XP level 4. HP: 30/30 MP: 7/7
  1192 | D:3      | Noticed Jessica
  1198 | D:3      | Killed Jessica
  1436 | D:2      | Noticed a bullfrog
  1573 | D:3      | Found a faded altar of an unknown god.
  1654 | D:3      | Reached XP level 5. HP: 35/35 MP: 8/8
  1780 | D:3      | Killed a bullfrog
  1780 | D:3      | Reached skill level 5 in Short Blades
  1963 | D:4      | You fall into a shaft and drop 1 floor!
  1963 | D:5      | Entered Level 5 of the Dungeon
  1975 | D:5      | Noticed a centaur
  1978 | D:5      | Killed a centaur
  1978 | D:5      | Reached XP level 6. HP: 41/41 MP: 9/9
  2147 | D:5      | Noticed an ice beast
  2213 | D:6      | Noticed Grinder
  2264 | D:6      | Found a shadowy altar of Dithmenos.
  2329 | D:5      | Found a staircase to the Ecumenical Temple.
  2335 | Temple   | Entered the Ecumenical Temple
  2486 | Temple   | Became a worshipper of Vehumet
  2520 | Temple   | Learned a level 3 spell: Dazzling Flash
  2576 | D:5      | Noticed a sky beast
  2605 | D:5      | Reached XP level 7. HP: 43/46 MP: 10/10
  2678 | D:5      | Reached skill level 1 in Conjurations
  3273 | D:7      | Reached XP level 8. HP: 52/52 MP: 11/11
  3309 | D:7      | Found an opulent altar of Gozag.
  3889 | D:6      | Found a hazy altar of Hepliaklqana.
  4006 | D:7      | Reached * piety under Vehumet
  4006 | D:7      | Offered knowledge of Sandblast by Vehumet.
  4274 | D:7      | Reached skill level 5 in Stealth
  4287 | D:7      | Found an ornate altar of the Wu Jian Council.
  4678 | D:7      | Reached XP level 9. HP: 48/57 MP: 7/12
  4925 | D:7      | Found an iron altar of Okawaru.
  5040 | D:8      | Noticed a troll
  5041 | D:8      | Killed a troll
  5133 | D:8      | Noticed Erica
  5134 | D:8      | hey
  5175 | D:8      | Killed Erica
  5175 | D:8      | Reached skill level 10 in Short Blades
  5270 | D:8      | Found a hide-covered altar of Uskayaw.
  5286 | D:8      | Reached skill level 1 in Fighting
  5398 | D:8      | Noticed Psyche
  5583 | D:8      | Noticed Psyche
  5583 | D:8      | Psyche changed into Psyche the scorpion
  5663 | D:8      | Killed Psyche the scorpion
  5663 | D:8      | Offered knowledge of Freeze by Vehumet.
  5663 | D:8      | Reached XP level 10. HP: 34/70 MP: 2/13
  5807 | D:8      | Reached ** piety under Vehumet
  5810 | D:8      | Reached skill level 5 in Dodging
  5907 | D:8      | Found a stormy altar of Qazlal.
  6015 | D:8      | Found a stormy altar of Qazlal.
  6061 | D:8      | Found a shimmering altar of Xom.
  6247 | D:8      | Learned a level 4 spell: Airstrike
  6700 | D:9      | Found a sacrificial altar of Ru.
  6794 | D:9      | Offered knowledge of Ignite Poison by Vehumet.
  6854 | D:9      | Reached XP level 11. HP: 73/75 MP: 5/15
  6900 | D:9      | Learned a level 3 spell: Ignite Poison
  6971 | D:9      | You fall into a shaft and drop 3 floors!
  7009 | D:12     | Reached skill level 5 in Spellcasting
  7016 | D:12     | Learned a level 4 spell: Summon Lightning Spire
  7084 | D:12     | Reached *** piety under Vehumet
  7101 | D:12     | Found a staircase to the Orcish Mines.
  7121 | D:11     | Reached skill level 1 in Air Magic
  7142 | D:11     | Found a flagged portal.
  7154 | Bailey   | Entered a bailey
  7277 | Bailey   | Offered knowledge of Conjure Flame by Vehumet.
  8012 | Bailey   | Reached **** piety under Vehumet
  8231 | D:11     | Noticed a deep elf mage
  8366 | D:10     | Entered Level 10 of the Dungeon
  8380 | D:10     | Offered knowledge of Lee's Rapid Deconstruction by Vehumet.
  8509 | D:10     | Noticed a purple ugly thing
  8541 | D:10     | Killed a purple ugly thing
  8730 | D:10     | Found an iron altar of Okawaru.
  9147 | D:11     | Reached ***** piety under Vehumet
  9157 | D:11     | Offered knowledge of Iron Shot by Vehumet.
  9170 | D:11     | Learned a level 6 spell: Iron Shot
  9263 | D:11     | Noticed a skeletal warrior
  9462 | D:11     | Noticed a skeletal warrior
  9462 | D:11     | Noticed a skeletal warrior
  9462 | D:11     | Noticed a skeletal warrior
  9495 | D:12     | Killed a skeletal warrior
  9672 | D:12     | Reached XP level 12. HP: 60/81 MP: 21/24
  9774 | D:12     | Reached skill level 5 in Air Magic
 10151 | D:12     | Reached skill level 1 in Summonings
 10228 | D:11     | Noticed a tengu warrior
 10427 | D:11     | Killed a skeletal warrior
 10444 | D:11     | Killed a skeletal warrior
 10539 | D:11     | Banished a skeletal warrior
 10539 | D:11     | Reached skill level 5 in Summonings
 10615 | D:11     | Found a staircase to the Lair.
 10630 | D:11     | Killed a tengu warrior
 10640 | Lair:1   | Entered Level 1 of the Lair of Beasts
 11620 | Lair:3   | Reached XP level 13. HP: 73/87 MP: 18/25
 12060 | Lair:3   | Identified a scroll of acquirement
 12061 | Lair:3   | Acquired a +5 quick blade
 12786 | Lair:5   | Reached skill level 10 in Stealth
 12904 | Lair:5   | Noticed an eight-headed hydra
 12978 | Lair:5   | Killed an eight-headed hydra
 12978 | Lair:5   | Reached skill level 5 in Fighting
 13415 | Lair:6   | Entered Level 6 of the Lair of Beasts
 13508 | Lair:6   | Learned a level 2 spell: Blink
 13542 | Lair:6   | Reached skill level 1 in Translocations
 13728 | Lair:4   | Noticed a six-headed hydra
 14065 | Lair:6   | Reached XP level 14. HP: 72/108 MP: 15/26
 14352 | Lair:6   | Reached skill level 10 in Fighting
 14395 | Lair:6   | Reached skill level 1 in Evocations
 14873 | Lair:6   | Reached skill level 5 in Evocations
 14902 | Lair:6   | Got a translucent steel ring
 14903 | Lair:6   | Identified the ring "Mistixel" {rElec rN+++ MP-9 Str+6
                  | Int-3} (You found it on level 6 of the Lair of Beasts)
 15071 | Lair:3   | Reached XP level 15. HP: 92/119 MP: 18/27
 15203 | Orc:1    | Entered Level 1 of the Orcish Mines
 15366 | Orc:1    | Reached ****** piety under Vehumet
 15466 | Orc:1    | Found a roughly hewn altar of Beogh.
 15669 | Orc:2    | Entered Level 2 of the Orcish Mines
 15669 | Orc:2    | Noticed Rupert
 15692 | Orc:2    | Banished Rupert
 15825 | Orc:2    | Offered knowledge of Bolt of Magma by Vehumet.
 15993 | Orc:2    | Found a staircase to the Elven Halls.
 16047 | Orc:2    | Found a frozen archway.
 16051 | IceCv    | Entered an ice cave
 16081 | IceCv    | Found a transporter.
 16135 | IceCv    | Found a transporter.
 17055 | Orc:2    | Reached skill level 10 in Spellcasting
 17309 | Orc:2    | Found Dargh's Weapon Boutique.
 17327 | Orc:2    | Found Vifaby's Book Shoppe.
 17332 | Orc:2    | Found Suyme's Magic Scroll Shop.
 17333 | Orc:2    | Found Teblox's Antique Armour Shop.
 17335 | Orc:2    | Bought a book of Party Tricks for 550 gold pieces
 17337 | Orc:2    | Learned a level 1 spell: Apportation
 17344 | Orc:2    | Learned a level 6 spell: Invisibility
 17382 | Orc:2    | Bought a pair of embroidered boots for 187 gold pieces
 17390 | Orc:2    | Identified a +1 pair of boots of running (You bought it in
                  | a shop on level 2 of the Orcish Mines)
 17405 | Orc:2    | Bought a scroll of teleportation for 33 gold pieces
 17405 | Orc:2    | Bought a scroll of magic mapping for 38 gold pieces
 17405 | Orc:2    | Bought a scroll of enchant armour for 82 gold pieces
 17405 | Orc:2    | Bought a scroll of fear for 38 gold pieces
 17405 | Orc:2    | Bought a scroll of magic mapping for 38 gold pieces
 17405 | Orc:2    | Bought a scroll of magic mapping for 38 gold pieces
 17412 | Orc:2    | Bought the Papyrus of Freezing Transmutation for 897 gold
                  | pieces
 17688 | Lair:4   | Reached XP level 16. HP: 96/126 MP: 14/30
 17968 | Lair:4   | Found a hole to the Spider Nest.
 17989 | Lair:4   | Noticed Sonja
 17991 | Lair:4   | Killed Sonja
 19023 | Lair:2   | Found a staircase to the Shoals.
 19055 | Shoals:1 | Entered Level 1 of the Shoals
 19377 | Shoals:1 | Reached skill level 1 in Shields
 19969 | Shoals:2 | Noticed Kirke
 19980 | Shoals:2 | Killed Kirke
 20087 | Shoals:3 | Found a runed translucent door.
 20106 | Shoals:3 | Offered knowledge of Ozocubu's Refrigeration by Vehumet.
 20469 | Shoals:4 | Entered Level 4 of the Shoals
 20470 | Shoals:4 | Noticed Roxanne
 20472 | Shoals:4 | Noticed Aizul
 20540 | Shoals:3 | Learned a level 5 spell: Irradiate
 20646 | Shoals:2 | Reached skill level 1 in Transmutations
 21769 | Shoals:3 | Noticed a kraken
 21952 | Shoals:3 | Reached XP level 17. HP: 120/132 MP: 16/33
 21971 | Shoals:3 | Learned a level 6 spell: Conjure Ball Lightning
 22977 | Shoals:3 | Killed Aizul
 23670 | Shoals:4 | Reached skill level 10 in Dodging
 23950 | Shoals:4 | Reached skill level 5 in Transmutations
 24243 | Shoals:4 | Noticed a kraken
 25064 | Shoals:4 | Banished Roxanne
 25064 | Shoals:4 | Reached skill level 10 in Transmutations
 25364 | Shoals:4 | Got a barnacled rune of Zot
 26101 | D:13     | Offered knowledge of Freezing Cloud by Vehumet.
 26144 | D:13     | Found a gate to the Vaults.
 26162 | D:13     | Learned a level 6 spell: Freezing Cloud
 26163 | Vaults:1 | Entered Level 1 of the Vaults
 26218 | Vaults:1 | Reached skill level 1 in Ice Magic
 26233 | Vaults:1 | Reached XP level 18. HP: 50/138 MP: 2/34
 26271 | Vaults:1 | HP: 5/138 [skeletal warrior/+0 long sword of freezing[a
                  | skeletal warrior] (12)]
 26760 | Vaults:1 | Paralysed by a sphinx for 4 turns
 26764 | Vaults:1 | Reached skill level 5 in Ice Magic
 26766 | Vaults:1 | HP: 1/138 [yaktaur captain/bolt (36)]
 26767 | Vaults:1 | Shot with a bolt by a vault warden

Illustrated notes

#....!...#
#........#
#........#
#...s....#
#.a.$....#
#........####..
#######
#@....$........


.ggg((. #@# ####### #.# #.# ##### #.# #.... #.# #.### #.# #.# #.# #.# #.# #(#
#.# #.# Turn 5134 on D:8: hey

Levels and vault maps discovered:
D:1:      matt_arrival_diagonals, layout_basic
D:2:      layout_basic, uniq_sigmund, uniq_terence
D:3:      layout_loops_ring, chequers_ecumenical_altar_simple_redux,
          grunt_ministairs_6, uniq_jessica
D:4:      layout_basic, nicolae_overflow_hidden_temple, kennysheep_cross_room,
          minivault_27
D:5:      layout_basic, minmay_temple_entry_hall, gup_sewer_entry_bowl
D:6:      layout_basic, lemuel_coloured_pillars_altar,
          nicolae_dithmenos_through_a_glass_darkly, okawaru_trees_1,
          uniq_grinder
D:7:      layout_basic, nicolae_gozag_seed_capital,
          nicolae_overflow_crystal_walls, basic_altar
D:8:      layout_basic, lemuel_round_altar, xom_butterflies,
          lemuel_crystal_altar, grunt_qazlal_sundering, uniq_erica, uniq_psyche
D:9:      layout_loops_ring, old_standard_altar
D:10:     layout_small_grid, basic_altar
D:11:     layout_basic, erik_lair_orcish_takeover, enter_bailey_3,
          grunt_potential
D:12:     layout_gridville, orc_0_dummy, ebering_ghost_reflecting_pool,
          uniq_nessos
D:13:     layout_loops_ring, skrybe_vaults_entry_preservation, serial_rivers,
          chequers_serial_rivers_room_b, chequers_serial_rivers_small_b,
          chequers_serial_rivers_small_b, chequers_serial_rivers_micro_e,
          chequers_serial_rivers_small_a
Temple:   oiseaux_autumnal_temple
Lair:1:   layout_loops_ring, st_stairs_6, grunt_megastairs_1
Lair:2:   layout_small_grid, minmay_shoals_entry_lonely_mermaid, minivault_19,
          minmay_holes, minmay_shattered_shrine, serial_bayou_shore_a
Lair:3:   layout_long_grid, minmay_lair_oklob_bushes
Lair:4:   pond_and_an_island_with_a_cottage, layout_gridlike,
          spider_nest_entry_webs, nicolae_lair_grove_arrangements, uniq_sonja
Lair:5:   layout_regular_city, minmay_slime_entry_oklob_enclosed,
          columned_hall_lemuel, chequers_serial_rivers_small_b,
          grunt_forest_large_clearings
Lair:6:   gammafunk_lair_ancient_temple, layout_cave_pods, serial_bayou_crossing
Shoals:1: layout_shoals, ebering_ghost_xom
Shoals:2: layout_shoals, nicolae_shoals_aquamancer_cove, uniq_polyphemus,
          uniq_kirke
Shoals:3: layout_shoals, lightli_airlock
Shoals:4: shoals_end_hangedman, layout_shoals,
          nicolae_shoals_stone_sculpture_thing, uniq_aizul, uniq_roxanne
Orc:1:    layout_diamond_mine, serial_shops, basic_altar, uniq_urug
Orc:2:    st_orc_open, layout_caves, portal_ice_cave_entry_pillars_1,
          uniq_rupert
Vaults:1: vaults_room_hangedman_quadrants, vaults_mumra_hex, v_misc_16,
          vaults_room_corners, v_misc_10, v_pattern_4, v_misc_9,
          nicolae_vaults_border_crossing, ontoclasm_vaults_idyll,
          nicolae_vaults_circle_grid_a, layout_vaults_omnigrid

Skill      XL: |  1  2  3  4  5  6  7  8  9 10 11 12 13 14 15 16 17 18 |
---------------+-------------------------------------------------------+-----
Short Blades   | 2 3 4 5 7 8 10 | 10.0
Hexes          | 4 6 9 |  9.1
Conjurations   | 2 |  2.2
Stealth        | 5 7 10 | 10.0
Fighting       | 3 9 11 | 11.6
Dodging        | 9 10 | 10.0
Spellcasting   | 8 10 12 | 12.4
Air Magic      | 4 7 9 |  9.7
Summonings     | 6 |  6.0
Translocations | 3 |  3.1
Evocations     | 6 |  6.4
Shields        | 4 |  4.0
Transmutations | 4 12 | 12.0
Ice Magic      | 2 5 |  5.4

Action                   |  1- 3 |  4- 6 |  7- 9 | 10-12 | 13-15 | 16-18 || total
-------------------------+-------+-------+-------+-------+-------+-------++-------
Melee: Dagger            |    94 |    62 |   301 |   590 |   607 |   492 ||  2146
Throw: Dart              |    24 |     8 |    12 |     9 |     5 |     1 ||    59
       Throwing net      |       |       |       |       |       |     6 ||     6
 Cast: Ensorcelled Hiber |     1 |    12 |    45 |    39 |    20 |    33 ||   150
       Corona            |     1 |     1 |     4 |     9 |     1 |       ||    16
       Tukima's Dance    |       |     2 |     5 |    70 |     2 |     4 ||    83
       Dazzling Flash    |       |       |     7 |     7 |    39 |    15 ||    68
       Airstrike         |       |       |       |    23 |    33 |    54 ||   110
       Summon Lightning  |       |       |       |    10 |    53 |    24 ||    87
       Blink             |       |       |       |       |     6 |    10 ||    16
       Invisibility      |       |       |       |       |       |    26 ||    26
       Apportation       |       |       |       |       |       |    24 ||    24
       Irradiate         |       |       |       |       |       |    22 ||    22
       Conjure Ball Ligh |       |       |       |       |       |     5 ||     5
       Freezing Cloud    |       |       |       |       |       |     3 ||     3
Evoke: Wand              |       |       |     1 |    11 |    10 |    13 ||    35
       Lightning rod     |       |       |       |       |     5 |    10 ||    15
       Box of beasts     |       |       |       |       |     2 |     2 ||     4
       Tin of tremorston |       |       |       |       |     1 |     7 ||     8
  Use: Scroll            |       |     2 |     7 |     8 |    11 |    22 ||    50
       Potion            |       |       |     6 |       |     4 |     9 ||    19
 Stab: Sleeping          |     9 |    12 |    29 |    38 |    15 |    35 ||   138
       Invisible         |       |       |     4 |     2 |    22 |    71 ||    99
       Distracted        |       |       |       |     5 |    15 |     5 ||    25
       Held in net/web   |       |       |       |       |       |     1 ||     1
Armor: Robe              |    37 |     7 |    38 |    57 |    83 |    79 ||   301
       Skin              |       |       |     3 |       |       |       ||     3
Dodge: Dodged            |    84 |    38 |   135 |   284 |   453 |   386 ||  1380
Block: Buckler           |       |       |       |       |       |    92 ||    92

Table legend: (Time is in decaauts)
 A = Elapsed time spent in this place.
 B = Non-inter-level travel time spent in this place.
 C = Inter-level travel time spent in this place.
 D = Time resting spent in this place.
 E = Time spent auto-exploring this place.
 F = Levels seen in this place.
 G = Mean time per level.
                   A        B        C        D        E       F      G
               +--------+--------+--------+--------+--------+-----+--------+
         Total |  25711 |  24343 |   1368 |   6454 |   4844 |  29 |  886.6 |
       Dungeon |   9545 |   9121 |    424 |   1252 |   2057 |  13 |  734.2 |
        Temple |    187 |    136 |     51 |      0 |      0 |   1 |  187.0 |
          Lair |   5854 |   5537 |    317 |    806 |   2420 |   6 |  975.7 |
        Shoals |   6409 |   5964 |    445 |   3347 |      0 |   4 | 1602.2 |
  Orcish Mines |   1970 |   1840 |    130 |    414 |    342 |   2 |  985.0 |
        Vaults |    598 |    598 |      0 |    396 |     24 |   1 |  598.0 |
        Bailey |   1037 |   1037 |      0 |    234 |      0 |   1 | 1037.0 |
      Ice Cave |    108 |    108 |      0 |      4 |      0 |   1 |  108.0 |
               +--------+--------+--------+--------+--------+-----+--------+

Top non-repeatable levels by time:
Shoals:3: 2775 daAuts
Shoals:4: 1477 daAuts
     D:7: 1464 daAuts
  Lair:4: 1374 daAuts
   Orc:2: 1266 daAuts
  Lair:6: 1227 daAuts
Shoals:1: 1219 daAuts
    D:11: 1197 daAuts
     D:8: 1098 daAuts
  Lair:3: 1064 daAuts
  Bailey: 1037 daAuts
  Lair:2: 1001 daAuts
Shoals:2: 936 daAuts
    D:12: 863 daAuts
     D:6: 819 daAuts
